 Dungeon Crawl Stone Soup version 0.15-a0-217-g70ad64b (webtiles) character file.

739 PolkaDot the Poker (level 6, -2/44 HPs)
             Began as a Vampire Death Knight on Apr 23, 2014.
             Was a Believer of Yredelemnul.
             Slain by an orc
             ... wielding a +0,+0 dagger
              (6 damage)
             ... on Level 5 of the Dungeon on Apr 24, 2014.
             The game lasted 00:17:25 (3902 turns).

PolkaDot the Poker (Vampire Death Knight)           Turns: 3902, Time: 00:17:25

HP  -2/44        AC  8     Str 12      XL: 6   Next: 93%
MP   8/8         EV 16     Int 13      God: Yredelemnul [**....]
Gold 243         SH  0     Dex 20      Spells:  0 memorised,  5 levels left

rFire  . . .     SeeInvis +     a - +1 spear
rCold  . . .     Clarity  .     b - +1 leather armour
rNeg   . . .     Conserve .     (no shield)
rPois  .         rCorr    .     o - +2 helmet
rElec  .         rRot     .     (no cloak)
SustAb . .       Spirit   .     l - +0 pair of gloves
rMut   .         Warding  .     (no boots)
Saprov . . .     Stasis   .     (no amulet)
MR     .....                    r - ring of see invisible
                                p - ring of see invisible

@: regenerating quickly, exhausted, agile, lethally poisoned, slowed, very slow,
not resistant to hostile enchantments, stealthy
A: bottle blood, fangs 3, see invisible, unbreathing
a: Bottle Blood, Animate Remains, Recall Undead Slaves, Injury Mirror, Renounce
Religion


You were on level 5 of the Dungeon.
You worshipped Yredelemnul.
Yredelemnul was pleased with you.
You were full.

You visited 1 branch of the dungeon, and saw 5 of its levels.

You collected 243 gold pieces.

Inventory:

Hand weapons
 a - a +1,+1 spear (weapon)
Missiles
 h - 14 steel darts
 k - 41 darts (quivered)
Armour
 b - a +1 leather armour (worn)
 l - a +0 pair of gloves (worn)
 o - a +2 helmet (worn)
Scrolls
 c - 5 scrolls of remove curse
 d - 2 scrolls of enchant armour
 e - 2 scrolls of teleportation
 f - a scroll of fog
 j - a scroll of fear {unknown}
 n - a scroll of noise {unknown}
 q - a scroll of immolation {unknown}
Jewellery
 p - a ring of see invisible (left hand)
 r - a ring of see invisible (right hand)
Potions
 i - a potion of restore abilities


   Skills:
 - Level 1.7 Fighting
 * Level 6.9 Polearms
 - Level 0.7 Armour
 - Level 1.1 Dodging
 - Level 2.4 Invocations


You had 5 spell levels left.
You didn't know any spells.

Dungeon Overview and Level Annotations

Branches:
Dungeon (5/15)
 Temple: D:4-7

Altars:
Trog


Innate Abilities, Weirdness & Mutations

Your natural rate of healing is unusually fast.
You can bottle blood from corpses.
You have razor-sharp teeth.*
You have supernaturally acute eyesight.
You can survive without breathing.*


Message History

You are no longer berserk.
You are exhausted.
You feel yourself slow down.
You feel sick.
Drink which item? (? for menu, Esc to quit)
You feel agile all of a sudden.
The gnoll hits your orc zombie but does no damage.
Your orc zombie hits the gnoll with a flail!
The gnoll dies!
Yredelemnul accepts your slave's kill. The orc hits you with a dagger.
* * * LOW HITPOINT WARNING * * *
The scorpion misses you.
Read which item? (? for menu, Esc to quit)
Okay, then.
Your orc zombie hits the crimson imp with a flail.
Things that are here:
a flail; a chain mail You feel sick.
The orc hits you with a dagger.
You die...
Yredelemnul claims you as an undead slave.

..... ..... ... ./........
########.........#
#................#
..#.##..z...(#####....#####
#....)..).5s)...#....#...
#......).##o....#......#
.........##@)..........#
..........>............#
...###########.........# #
######....# ##.#.# #.#.#
########.#.# ## ...........# #.
#########################.######.


You could see a scorpion, a crimson imp and an orc.

Vanquished Creatures
  A scorpion (D:5)
  A hound (D:4)
  2 orc priests (D:4)
  A centaur skeleton (D:5)
  The ghost of yahmik the Shield-Bearer, a weakling HaFi (D:4)
  Terence (D:3)
  8 adders
  A gnoll (D:5)
  A giant mite (D:2)
  A worm (D:3)
  A giant gecko (D:1)
  An ooze (D:3)
  12 orcs
  2 bats
  A bat skeleton (D:4)
  3 giant cockroaches
  12 hobgoblins
  2 quokkas
  2 ball pythons (D:3)
  4 giant newts
  5 goblins
  4 jackals (D:4)
  7 kobolds
  11 rats
85 creatures vanquished.

Vanquished Creatures (collateral kills)
  An ice beast (D:4)
  2 worker ants (D:4)
  2 adders
  A gnoll (D:5)
  A giant gecko (D:3)
  A bat (D:4)
  A goblin (D:3)
  A kobold (D:4)
  A rat (D:3)
11 creatures vanquished.

Vanquished Creatures (others)
  An orc skeleton (D:4)
  A bat skeleton (D:4)
  A ball python skeleton (D:3)
  A ball python zombie (D:3)
  2 giant cockroach zombies
  A hobgoblin zombie (D:3)
  2 kobold zombies
  2 orc zombies (D:4)
11 creatures vanquished.

Grand Total: 107 creatures vanquished

Notes
Turn   | Place    | Note
--------------------------------------------------------------
     0 | D:1      | PolkaDot, the Vampire Death Knight, began the quest for the Orb.
     0 | D:1      | Reached XP level 1. HP: 16/16 MP: 1/1
   422 | D:1      | Reached XP level 2. HP: 19/22 MP: 2/2
   968 | D:2      | Reached skill level 3 in Polearms
   968 | D:2      | Reached XP level 3. HP: 27/27 MP: 4/4
  1356 | D:2      | Acquired Yredelemnul's second power
  1403 | D:2      | Reached skill level 4 in Polearms
  1403 | D:2      | Reached XP level 4. HP: 33/33 MP: 5/5
  1729 | D:2      | Found a bloodstained altar of Trog.
  2543 | D:3      | Reached XP level 5. HP: 38/38 MP: 6/6
  2602 | D:3      | Noticed Terence
  2627 | D:3      | Killed Terence
  2963 | D:4      | Reached skill level 5 in Polearms
  3109 | D:4      | Reached XP level 6. HP: 11/44 MP: 8/8
  3241 | D:4      | Noticed an ice beast
  3257 | D:4      | Killed an ice beast
  3257 | D:4      | Reached skill level 6 in Polearms
  3335 | D:4      | Noticed yahmik's ghost (weakling HaFi)
  3373 | D:4      | Killed yahmik's ghost
  3685 | D:5      | Entered Level 5 of the Dungeon
  3902 | D:5      | Slain by an orc

Action                   |  1- 3 |  4- 6 || total
-------------------------+-------+-------++-------
Melee: Spear             |   104 |   307 ||   411
Throw: Dart              |    20 |     7 ||    27
Invok: Animate Remains   |     7 |    16 ||    23
       Recall Undead Sla |       |     2 ||     2
       Injury Mirror     |       |     1 ||     1
  Use: Potion            |     1 |     6 ||     7
       Scroll            |       |     6 ||     6
 Stab: Distracted        |     1 |     2 ||     3
       Sleeping          |       |     3 ||     3
       Invisible         |       |     4 ||     4
